 Dungeon Crawl Stone Soup version 0.19-a0-1365-gb34f4cb (webtiles) character file.

3784 Amnesiac the Artisan of Death (level 9, -1/45 HPs)
             Began as a Deep Elf Necromancer on Sept 2, 2016.
             Was a Priest of Kikubaaqudgha.
             Slain by a killer bee (5 damage)
             ... on level 8 of the Dungeon.
             The game lasted 00:23:38 (9108 turns).

Amnesiac the Artisan of Death (DENe)                Turns: 9108, Time: 00:23:39

Health: -1/45      AC: 10    Str: 10    XL:     9   Next: 95%
Magic:  1/27       EV: 13    Int: 21    God:    Kikubaaqudgha [***...]
Gold:   290        SH:  4    Dex: 23    Spells: 8 memorised, 8 levels left

rFire  . . .     SeeInvis .     f - +0 long sword
rCold  + . .     Gourm    .     w - +3 leather armour {rC+}
rNeg   . . .     Faith    .     (no shield)
rPois  .         Spirit   .     (no helmet)
rElec  .         Dismiss  .     h - +2 cloak
rCorr  .         Reflect  +     C - +0 pair of gloves
MR     .....     Harm     .     (no boots)
Stlth  ++++......               p - +4 amulet of reflection (curse)
                                l - ring of stealth
                                D - +3 ring of dexterity

@: mighty, lethally poisoned (-1 -> -5), very slightly contaminated
A: thin skeletal structure 1
a: Receive Corpses, Renounce Religion


You were on level 8 of the Dungeon.
You worshipped Kikubaaqudgha.
Kikubaaqudgha was most pleased with you.
You were very hungry.

You visited 2 branches of the dungeon, and saw 9 of its levels.

You collected 460 gold pieces.
You spent 170 gold pieces at shops.

Inventory:

Hand Weapons
 f - a +0 long sword (weapon)
Armour
 h - a +2 cloak (worn)
 w - a +3 leather armour of cold resistance (worn)
 C - a +0 pair of gloves (worn)
Jewellery
 l - a ring of stealth (right hand)
 p - a cursed +4 amulet of reflection (around neck)
 A - an uncursed ring of protection from magic
 D - a +3 ring of dexterity (left hand)
 F - an uncursed ring of positive energy
Wands
 t - a wand of polymorph (5/24)
Scrolls
 d - 10 scrolls of identify
 e - 4 scrolls of recharging {unknown}
 i - 5 scrolls of remove curse {unknown}
 j - a scroll of enchant armour {unknown}
 k - 5 scrolls of amnesia {unknown}
 m - 2 scrolls of immolation {unknown}
 n - a scroll of random uselessness {unknown}
 s - 4 scrolls of teleportation {unknown}
 x - a scroll of magic mapping
 y - 2 scrolls of blinking
 E - a scroll of enchant weapon {unknown}
 I - a scroll of fear {unknown}
Potions
 q - 2 potions of degeneration {unknown}
 v - a potion of invisibility {unknown}
 B - 2 potions of haste {unknown}
 G - a potion of cancellation {unknown}
 H - 2 potions of flight {unknown}
Books
 b - a book of Necromancy

   Spells                             Type                      Level
   a - Pain                           Necromancy                   1
   b - Animate Skeleton               Necromancy                   1
   c - Vampiric Draining              Necromancy                   3
   d - Regeneration                   Charms/Necromancy            3
   e - Animate Dead                   Necromancy                   4
   f - Control Undead                 Necromancy                   4
 r - Kikubaaqudgha's Handbook of Evil
   (Kikubaaqudgha gifted it to you on level 2 of the Dungeon)

   Spells                             Type                      Level
   a - Pain                           Necromancy                   1
   b - Corpse Rot                     Necromancy                   2
   c - Sublimation of Blood           Necromancy                   2
   d - Regeneration                   Charms/Necromancy            3
   e - Control Undead                 Necromancy                   4
 J - Kikubaaqudgha's Reference Book on Black Secrets
   (Kikubaaqudgha gifted it to you on level 7 of the Dungeon)

   Spells                             Type                      Level
   a - Bolt of Draining               Conjuration/Necromancy       5
   b - Agony                          Necromancy                   5
   c - Cigotuvi's Embrace             Necromancy                   5
   d - Dispel Undead                  Necromancy                   5
   e - Death Channel                  Necromancy                   6
Comestibles
 c - 2 bread rations
 g - 3 beef jerkies
 o - 6 meat rations


   Skills:
 - Level 2.4 Dodging
 - Level 2.4 Stealth
 + Level 12.6 Spellcasting
 - Level 13.0 Necromancy


You had 8 spell levels left.
You knew the following spells:

 Your Spells              Type           Power        Failure   Level  Hunger
a - Control Undead        Necr           ######....   1%          4    None
b - Pain                  Necr           ####         1%          1    None
c - Sublimation of Blood  Necr           ######....   1%          2    None
d - Corpse Rot            Necr           N/A          1%          2    None
f - Vampiric Draining     Necr           ######....   1%          3    None
r - Regeneration          Chrm/Necr      #####.....   1%          3    None
w - Dispel Undead         Necr           ######..     1%          5    ####...
z - Bolt of Draining      Conj/Necr      #####.....   14%         5    ####...


Dungeon Overview and Level Annotations

Branches:
Dungeon (8/15)             Temple (1/1) D:4            Lair (0/6) D:8

Altars:
Ashenzari
Cheibriados
Dithmenos
Elyvilon
Fedhas
Gozag
Hepliaklqana
Kikubaaqudgha
Makhleb
Nemelex Xobeh
Okawaru
Qazlal
Ru
Sif Muna
Trog
Uskayaw
Vehumet
Xom
Yredelemnul
Zin
The Shining One

Shops:
D:5 *


Innate Abilities, Weirdness & Mutations

You have a somewhat thin skeletal structure. (Dex +2, Stealth)


Message History

The killer bee stings you but does no damage.
The killer bee closely misses you.
You riposte.
You closely miss the killer bee.
The killer bee is heavily wounded.
The killer bee stings you!
* * * LOW HITPOINT WARNING * * *
The killer bee closely misses you.
You riposte.
You hit the killer bee.
The killer bee is severely wounded.
You feel better.
The killer bee stings you but does no damage.
The killer bee closely misses you. The killer bee stings you!
* * * LOW HITPOINT WARNING * * *
You feel very mighty all of a sudden. The killer bee stings you.
* * * LOW HITPOINT WARNING * * *
You are lethally poisoned!
The killer bee poisons you! The killer bee stings you.
You die...
Kikubaaqudgha rasps: "You have failed me!
Welcome... death!"

...##.......# #..#
...#..####### ##.#
...#.####### #.####
...#.......# #(...##
...........# ##.....##
...##......# #.......#
#####......####.......#######
...........†.†.y...........[#
####.......#####@....#.######
#.......# #........#
####.......####.......##
.............†........##
#..##......#####.......#
#..######### ##<..##.#
#....#### ######.#
#.##....##### #.#
#.#####.....## #.#


You could see a killer bee.

Vanquished Creatures
  Pikel (D:3)
  Eustachio (D:4)
  Grum (D:8)
  2 slaves (D:4)
  An ice beast (D:7)
  A sky beast (D:7)
  A phantom (D:3)
  4 wolves (D:8)
  An ogre (D:4)
  4 centaurs
  4 giant frogs
  A water moccasin skeleton (D:6)
  4 scorpions
  5 killer bees (D:8)
  7 wights (D:7)
  2 howler monkeys (D:5)
  2 crimson imps
  A giant frog zombie (D:8)
  2 jellies (D:5)
  A centaur skeleton (D:3)
  6 hounds
  2 orc wizards (D:5)
  2 giant frog skeletons
  Jessica (D:3)
  5 worker ants
  A hound skeleton (D:6)
  Robin (D:2)
  4 gnolls
  2 howler monkey skeletons
  9 adders
  2 shadow imps
  An ooze (D:5)
  2 adder zombies (D:5)
  2 worms
  3 dart slugs
  7 giant geckos
  5 orcs (D:5)
  2 ball pythons (D:4)
  4 giant cockroaches
  13 goblins
  21 hobgoblins
  12 jackals
  8 kobolds
  3 quokkas
  7 bats
  A giant cockroach zombie (D:6)
  A giant gecko zombie (D:5)
  10 giant newts
  A jackal skeleton (D:7)
  2 quokka skeletons
  5 rats
191 creatures vanquished.

Vanquished Creatures (collateral kills)
  A hungry ghost (D:7)
  2 wights (D:7)
3 creatures vanquished.

Vanquished Creatures (others)
  2 slaves (D:4)
  A hound skeleton (D:4)
3 creatures vanquished.

Grand Total: 197 creatures vanquished

Notes
Turn   | Place    | Note
-------+----------+-------------------------------------------
     0 | D:1      | Amnesiac the Deep Elf Necromancer began the quest for the Orb.
     0 | D:1      | Reached XP level 1. HP: 10/10 MP: 6/6
     4 | D:1      | Noticed an octopode
    10 | D:1      | Noticed an ogre
    16 | D:1      | Noticed a minotaur skeleton
    16 | D:1      | Noticed a naga
    68 | D:2      | Reached skill level 5 in Necromancy
   204 | D:2      | Reached XP level 2. HP: 13/15 MP: 4/8
   334 | D:1      | Reached XP level 3. HP: 4/19 MP: 0/10
   339 | D:1      | Learned a level 3 spell: Vampiric Draining
  1222 | D:4      | Reached skill level 6 in Necromancy
  1222 | D:4      | Reached XP level 4. HP: 21/24 MP: 8/12
  1275 | D:4      | Noticed a phantom
  1281 | D:4      | Learned a level 3 spell: Regeneration
  1286 | D:4      | Learned a level 4 spell: Control Undead
  1394 | D:4      | Noticed a slave
  1404 | D:4      | Killed a slave
  1405 | D:4      | Noticed a slave
  1419 | D:4      | Noticed Pikel
  1424 | D:4      | Noticed a slave
  1425 | D:4      | Noticed a slave
  1437 | D:3      | HP: 1/24 [Pikel/whip of flaming (2)]
  1579 | D:3      | Killed Pikel
  1579 | D:3      | Reached skill level 9 in Necromancy
  1579 | D:3      | Reached XP level 5. HP: 17/28 MP: 0/16
  1579 | D:3      | Reached XP level 6. HP: 19/32 MP: 0/17
  1579 | D:3      | Reached XP level 7. HP: 22/36 MP: 0/18
  2359 | D:4      | Found a staircase to the Ecumenical Temple.
  2371 | Temple   | Entered the Ecumenical Temple
  2558 | Temple   | Became a worshipper of Kikubaaqudgha
  3050 | D:1      | You fall through a shaft!
  3138 | D:2      | Noticed Robin
  3149 | D:2      | Reached * piety under Kikubaaqudgha
  3149 | D:2      | Identified Kikubaaqudgha's Handbook of Evil (Kikubaaqudgha gifted it to you on level 2 of the Dungeon)
  3149 | D:2      | Received a gift from Kikubaaqudgha
  3155 | D:2      | Learned a level 2 spell: Corpse Rot
  3158 | D:2      | Learned a level 2 spell: Sublimation of Blood
  3198 | D:2      | Killed Robin
  3964 | D:3      | Noticed Jessica
  3968 | D:3      | Killed Jessica
  4216 | D:3      | Reached skill level 10 in Necromancy
  4381 | D:4      | Reached XP level 8. HP: 35/41 MP: 14/21
  4695 | D:5      | Entered Level 5 of the Dungeon
  4705 | D:5      | Reached ** piety under Kikubaaqudgha
  4782 | D:5      | Noticed Eustachio
  5133 | D:4      | Killed Eustachio
  5133 | D:4      | Reached skill level 11 in Necromancy
  5179 | D:5      | Found Qicij's General Store.
  5183 | D:5      | Bought a scroll of magic mapping for 35 gold pieces
  5183 | D:5      | Bought a scroll of identify for 20 gold pieces
  5183 | D:5      | Bought a potion of might for 40 gold pieces
  5183 | D:5      | Bought a scroll of blinking for 75 gold pieces
  5338 | D:5      | Found a bloodstained altar of Trog.
  6429 | D:6      | Reached skill level 12 in Necromancy
  7186 | D:7      | Reached XP level 9. HP: 41/45 MP: 18/24
  7258 | D:7      | Reached *** piety under Kikubaaqudgha
  7258 | D:7      | Identified Kikubaaqudgha's Reference Book on Black Secrets (Kikubaaqudgha gifted it to you on level 7 of the Dungeon)
  7258 | D:7      | Received a gift from Kikubaaqudgha
  7288 | D:7      | Learned a level 5 spell: Bolt of Draining
  7433 | D:7      | Reached skill level 10 in Spellcasting
  7451 | D:7      | Learned a level 5 spell: Dispel Undead
  7504 | D:7      | Gained mutation: You have a somewhat thin skeletal structure. (Dex +2, Stealth) [mutagenic meat]
  8461 | D:8      | Found a glowing golden altar of the Shining One.
  8643 | D:8      | Noticed Grum
  8661 | D:8      | Killed Grum
  8682 | D:8      | Reached skill level 13 in Necromancy
  8898 | D:8      | Found a staircase to the Lair.
  9108 | D:8      | Slain by a killer bee

Vault maps used:
D:1:      shiori_arrival_whats_in_store_for_you
D:2:      uniq_robin
D:3:      minmay_fountain_box, uniq_jessica
D:4:      uniq_pikel
D:5:      first_bread, serial_shops, shop, trog_three_pillars_becter,
          uniq_eustachio
D:6:      kennysheep_generic_room_13
D:8:      lair_0_dummy, basic_altar, uniq_grum
Temple:   minmay_crystal_snake_temple

Skill      XL: |  1  2  3  4  5  6  7  8  9 |
---------------+----------------------------+-----
Necromancy     | 5 6 9 10 12 13 | 13.0
Spellcasting   | 4 6 7 9 12 | 12.6
Dodging        | |  2.4
Stealth        | |  2.4

Action                   |  1- 3 |  4- 6 |  7- 9 || total
-------------------------+-------+-------+-------++-------
Melee: Long sword        |    13 |     3 |   654 ||   670
       Unarmed           |       |       |    10 ||    10
 Cast: Pain              |    30 |    21 |   177 ||   228
       Vampiric Draining |       |    10 |    51 ||    61
       Control Undead    |       |       |    16 ||    16
       Bolt of Draining  |       |       |    26 ||    26
       Dispel Undead     |       |       |     7 ||     7
       Sublimation of Bl |       |       |     3 ||     3
  Use: Potion            |       |     1 |     6 ||     7
 Stab: Betrayed ally     |       |       |     2 ||     2
       Distracted        |       |       |     1 ||     1
       Sleeping          |       |       |     4 ||     4
  Eat: Chunk             |       |     2 |    24 ||    26
       Meat ration       |       |       |     1 ||     1
       Fruit             |       |       |     3 ||     3
       Pizza             |       |       |     1 ||     1
       Beef jerky        |       |       |     1 ||     1
Armor: Robe              |     3 |       |    42 ||    45
       Skin              |       |       |    10 ||    10
       Leather armour    |       |       |   200 ||   200
Dodge: Dodged            |    13 |     4 |   372 ||   389
Block: Other             |       |       |   106 ||   106
       Reflection        |       |       |     2 ||     2
